 Dungeon Crawl Stone Soup version 0.25.0-10-g039870ee82 (webtiles) character file.

Game seed: 4841898912142695801

65 Kold the Insei (level 4, 16/28 HPs)
             Began as an Octopode Transmuter on June 23, 2020.
             Was a Follower of Nemelex Xobeh.
             Quit the game on level 2 of the Dungeon.
             The game lasted 00:02:09 (1159 turns).

Kold the Insei (Octopode Transmuter)                Turns: 1159, Time: 00:02:09

Health: 16/28      AC:  1    Str:  9    XL:     4   Next: 13%
Magic:  5/7        EV: 13    Int: 15    God:    Nemelex Xobeh [*.....]
Gold:   46         SH:  0    Dex: 13    Spells: 4/7 levels left

rFire    . . .     SeeInvis .     - Unarmed
rCold    . . .     Gourm    .   (no shield)
rNeg     + . .     Faith    .   (helmet restricted)
rPois    .         Spirit   .   (no amulet)
rElec    .         Reflect  .   g - ring of positive energy
rCorr    .         Harm     .   (no ring)
MR       .....                  (no ring)
Stlth    +++.......             (no ring)
HPRegen  0.09/turn              (no ring)
MPRegen  0.10/turn              (no ring)
                                (no ring)
                                (no ring)

@: mildly poisoned (16 -> 13)
A: almost no armour, stealthy swim, amphibious, 8 rings, constrict 8, camouflage
1, gelatinous body 1
a: Draw Escape, Draw Destruction, Draw Summoning, Renounce Religion


You were on level 2 of the Dungeon.
You worshipped Nemelex Xobeh.
Nemelex Xobeh was aware of your devotion.
You were not hungry.

You visited 1 branch of the dungeon, and saw 2 of its levels.

You collected 46 gold pieces.

Inventory:

Hand Weapons
 f - a +0 club
Missiles
 a - 10 arrows
Jewellery
 g - a ring of positive energy (left tentacle)
Scrolls
 b - a scroll of fog {unknown}
 d - a scroll of magic mapping {unknown}
 e - a scroll of enchant weapon {unknown}
 h - 2 scrolls of amnesia {unknown}
 i - a scroll of fear {unknown}
Potions
 k - a potion of stabbing {unknown}
Comestibles
 c - 3 rations


   Skills:
 - Level 1.0 Fighting
 - Level 2.1 Dodging
 - Level 1.0 Stealth
 + Level 4.1 Unarmed Combat
 - Level 2.1 Spellcasting
 + Level 2.8 Transmutations


You had 4 spell levels left.
You knew the following spells:

 Your Spells              Type           Power        Failure   Level  Hunger
a - Beastly Appendage     Tmut           ##....       7%          1    #......
b - Sticks to Snakes      Tmut           ##......     11%         2    ###....

Your spell library contained the following spells:

 Spells                   Type           Power        Failure   Level  Hunger
 Spider Form              Tmut/Pois      #.........   36%         3    ###....
 Ice Form                 Ice/Tmut       #.......     77%         4    #####..
 Blade Hands              Tmut           ##........   88%         5    ######.


Dungeon Overview and Level Annotations

Branches:
Dungeon (2/15)

Altars:
Nemelex Xobeh


Innate Abilities, Weirdness & Mutations

You cannot wear most types of armour.
You are very stealthy in the water. (Stealth+)
You are amphibious.
You can wear up to eight rings at the same time.
You can use your tentacles to constrict eight enemies at once.
Your skin changes colour to match your surroundings (Stealth+).
Your rubbery body absorbs attacks. (AC +1, EV +1)


Message History

You constrict the adder. The adder bites you.
You are poisoned.
The adder poisons you!
You barely miss the adder.
The adder is heavily wounded.
You constrict the adder.
You feel sick. The adder bites you. The giant cockroach bites you.
You tentacle-slap the adder but do no damage.
The adder is severely wounded.
You constrict the adder. The adder misses you.
The giant cockroach bites you but does no damage.
The adder barely misses you.
You tentacle-slap the adder.
You kill the adder!
You have reached level 4!
You feel sick. The giant cockroach closely misses you.
Your ball python bites the giant cockroach but does no damage.
Your ball python misses the giant cockroach.
The bat barely misses you.
Are you sure you want to abandon this character and quit the game? (Confirm with "yes".)

#.##.#)#
#.##<#.##...##%##.l#
#.##.#.#.....#.#....
#.##.#....#.##.##.#.
#.##.##..####...####
#.##.##.##?........#
#.##.##[.####...####
#.##.# #..#.##K##.#.
#.##.# #..S@bl#....
#.##.######s##.##..#
##.##.........###...#
#..............#...).
##.#########........#
### ######..## ..# ##


You could see a giant cockroach, a bat, a kobold, 2 frilled lizards and a
friendly ball python.

Vanquished Creatures
  4 adders (D:2)
  An ooze (D:2)
  2 worms (D:2)
  A dart slug (D:1)
  A goblin (D:1)
  5 hobgoblins
  2 bats
  A frilled lizard (D:1)
  A rat (D:1)
18 creatures vanquished.

Vanquished Creatures (collateral kills)
  A frilled lizard (D:2)
1 creature vanquished.

Grand Total: 19 creatures vanquished

Notes
Turn   | Place    | Note
-------+----------+-------------------------------------------
     0 | D:1      | Kold the Octopode Transmuter began the quest for the Orb.
     0 | D:1      | Reached XP level 1. HP: 13/13 MP: 3/3
   251 | D:1      | Found a sparkling altar of Nemelex Xobeh.
   372 | D:1      | Reached XP level 2. HP: 13/18 MP: 3/5
   694 | D:2      | Learned a level 2 spell: Sticks to Snakes
   853 | D:2      | Reached skill level 1 in Stealth
   853 | D:2      | Reached XP level 3. HP: 18/23 MP: 4/6
   867 | D:2      | Found a faded altar of an unknown god.
   977 | D:2      | Became a worshipper of Nemelex Xobeh the Trickster
   977 | D:2      | Received a gift from Nemelex Xobeh
   977 | D:2      | Reached * piety under Nemelex Xobeh
  1003 | D:2      | Reached skill level 4 in Unarmed Combat
  1158 | D:2      | Reached XP level 4. HP: 17/28 MP: 5/7
  1159 | D:2      | Quit the game

Illustrated notes

Levels and vault maps discovered:
D:1:      grunt_arrival_lava_bath, layout_basic, nemelex_diamond_rough_becter
D:2:      layout_loops_ring, fedhas_altar_fruit_tree, old_standard_altar,
          chequers_ecumenical_altar_simple, minmay_fractal_squares_gapless_5

Skill      XL: |  1  2  3 |
---------------+----------+-----
Stealth        | 1 |  1.0
Unarmed Combat | 4 |  4.1
Fighting       | |  1.0
Dodging        | |  2.1
Spellcasting   | |  2.1
Transmutations | |  2.8

Action                   |  1- 3 |  4- 6 || total
-------------------------+-------+-------++-------
Melee: Unarmed           |    44 |       ||    44
       Kick              |     9 |       ||     9
       Constrict         |    12 |       ||    12
       Tentacles         |     7 |       ||     7
       Punch             |     1 |       ||     1
 Cast: Beastly Appendage |    10 |       ||    10
       Sticks to Snakes  |     2 |       ||     2
 Stab: Sleeping          |     2 |       ||     2
  Eat: Chunk             |     1 |       ||     1
Armor: Skin              |     4 |       ||     4
Dodge: Dodged            |    34 |     2 ||    36
